 Dungeon Sprint DCSS version 0.25-a0-502-g6516661 (webtiles) character file.

Game seed: 3118748055060897344, levelgen mode: deterministic

25783 Faca the Warrior (level 13, -12/126 HPs)
             Began as a Formicid Fighter on Feb 12, 2020.
             Was the Champion of Okawaru.
             Mangled by a nine-headed hydra (16 damage)
             ... in the Dungeon (Sprint IX: "|||||||||||||||||||||||||||||").
             The game lasted 00:13:12 (4258 turns).

Faca the Warrior (Formicid Fighter)                 Turns: 4258, Time: 00:13:13

Health: -12/126    AC: 29    Str: 32    XL:     13   Next: 53%
Magic:  21/21      EV: 11    Int:  7    God:    Okawaru [******]
Gold:   396        SH: 31    Dex: 14    Spells: 12/12 levels left

rFire    . . .     SeeInvis +   x - +1 great sword (distort)
rCold    . . .     Gourm    .   o - +8 tower shield {AC+3}
rNeg     + + .     Faith    .   p - +2 plate armour
rPois    .         Spirit   .   (helmet unavailable)
rElec    .         Reflect  .   w - +1 cloak
rCorr    +         Harm     .   s - +0 pair of gloves
MR       +++..                  v - +2 pair of boots of Pleasant Breezes {*Corrode rN++ Str+3}
Stlth    ..........             (no amulet)
HPRegen  0.31/turn              c - ring of Duuwirch {+Fly MR++ Dex+4 Slay+2}
MPRegen  0.17/turn              r - ring of Fafuji {rCorr Str+4 Int-2 Stlth+}

@: no status effects
A: permanent stasis, dig shafts and tunnels, four strong arms, antennae 3
a: Dig, Heroism, Finesse, Renounce Religion, Evoke Flight


You were in the Dungeon.
You worshipped Okawaru.
Okawaru was exalted by your worship.
You were not hungry.

You visited 1 branch You collected 1926 gold pieces.
You spent 1530 gold pieces at shops.

Inventory:

Hand Weapons
 b - a +1 demon blade
 m - a +2 scimitar of flaming
 x - a +1 great sword of distortion (weapon)
Missiles
 t - 2 throwing nets (quivered)
Armour
 o - a +8 tower shield of protection (worn)
 p - a +2 plate armour (worn)
 s - a +0 pair of gloves (worn)
 v - the +2 pair of boots of Pleasant Breezes (worn) {*Corrode rN++ Str+3}
   (You bought it in a shop in the Dungeon)

   It affects your strength (+3).
   It greatly protects you from negative energy.
   It may corrode you when you take damage.
   If you remove this armour, your AC will decrease by 3 (29 -> 26).
 w - a +1 cloak (worn)
Jewellery
 c - the ring of Duuwirch (left hand) {+Fly MR++ Dex+4 Slay+2}
   (You bought it in a shop in the Dungeon)

   [ring of flight]

   It affects your dexterity (+4).
   It affects your accuracy and damage with ranged weapons and melee attacks
   (+2).
   It affects your resistance to hostile enchantments.
   It lets you fly.
 q - an uncursed ring of protection from fire
 r - the ring of Fafuji (right hand) {rCorr Str+4 Int-2 Stlth+}
   (You bought it in a shop in the Dungeon)

   [ring of resist corrosion]

   It affects your strength (+4).
   It affects your intelligence (-2).
   It provides partial protection from all sources of acid and corrosion.
   It makes you more stealthy.
Wands
 l - a wand of acid (7)
Scrolls
 d - 4 scrolls of identify
 i - a scroll of fog
 j - 2 scrolls of remove curse
 u - 2 scrolls of enchant weapon
Potions
 a - a potion of agility
 e - 7 potions of curing
 g - 10 potions of heal wounds
 h - a potion of invisibility
 n - a potion of mutation
Comestibles
 f - 11 rations


   Skills:
 + Level 19.4 Fighting
 + Level 17.9 Long Blades
 + Level 14.8 Armour
 + Level 5.5 Dodging
 + Level 16.0 Shields
 - Level 10.8 Invocations


You had 12 spell levels left.
You didn't know any spells.
Your spell library was empty.

Dungeon Overview and Level Annotations

Branches:
Dungeon (1/1)

Altars:
Cheibriados
Dithmenos
Elyvilon
Fedhas
Gozag
Hepliaklqana
Kikubaaqudgha
Makhleb
Nemelex Xobeh
Okawaru
Qazlal
Ru
Sif Muna
Trog
Uskayaw
Vehumet
Wu Jian
Xom
Yredelemnul
Zin
The Shining One
Beogh
Jiyva
Lugonu

Shops:
D =*[!

Annotations:
D Maurice


Innate Abilities, Weirdness & Mutations

You cannot be hasted, slowed, berserked, paralysed or teleported.
You can dig through walls and to a lower floor.
Your four strong arms can wield two-handed weapons with a shield.
You have a pair of large antennae on your head. (SInv)


Message History

You block the nine-headed hydra's attack.
The nine-headed hydra bites you but does no damage.
The nine-headed hydra barely misses you.
The nine-headed hydra bites you!
* * * LOW HITPOINT WARNING * * *
You slash the shambling mangrove!
Space bends around the shambling mangrove.
The shambling mangrove is heavily damaged.
The nine-headed hydra bites you but does no damage.
The nine-headed hydra bites you!
* * * LOW HITPOINT WARNING * * *
The nine-headed hydra closely misses you.
You block the nine-headed hydra's attack. x2
The nine-headed hydra bites you!
* * * LOW HITPOINT WARNING * * *
The nine-headed hydra bites you.
* * * LOW HITPOINT WARNING * * *
You block the nine-headed hydra's attack.
The nine-headed hydra bites you!
You die...

_▓.▓.▓.▓'▓.▓.▓.♣.♣{
{
_▓.▓.▓.▓[▓.▓.▓.♣D♣{
{
_▓.▓.▓.▓[▓.▓.▓.♣D♣
{
_▓.▓.▓.▓.▓(▓.▓.♣t♣
{
_▓.▓.▓.▓.▓(▓.▓.♣D♣{
_▓.▓.▓.▓.▓(▓.▓.♣i♣
{
_▓.▓.▓.▓)▓.▓.▓.▓F▓
{
_▓.▓.▓)▓)▓)▓.▓.▓D▓
{
_▓.▓.▓.▓)▓)▓.▓.▓@▓
{
_▓.▓÷▓.▓)▓.▓[▓.▓f▓
{
_▓.▓.▓.▓)▓.▓[▓.▓.▓
{
_▓.▓.▓.▓)▓.▓[▓.▓†▓
{
_▓.▓.▓.▓.▓.▓[▓.▓.▓
{
_▓.▓.▓.▓)▓.▓[▓.▓.▓
{
_▓.▓.▓.▓.▓.▓.▓.▓.▓
{
_▓.▓.▓.▓.▓.▓)▓.▓†▓
{
_▓.▓.▓.▓.▓.▓[▓.▓.▓
{


You could see a shambling mangrove, an alligator, a nine-headed hydra, a
six-headed hydra, a four-headed hydra, a swamp dragon, a spriggan rider and a
spiny frog.

Vanquished Creatures
  Agnes (D)
  Aizul (D)
  A spark wasp (D)
  An ogre mage (D)
  Erolcha (D)
  A centaur warrior (D)
  Harold (D)
  An anaconda (D)
  2 tengu warriors (D)
  An orc high priest (D)
  A naga sharpshooter (D)
  Sonja (D)
  A glowing orange brain (D)
  2 unseen horrors (D)
  A spriggan druid (D)
  A naga ritualist (D)
  A wolf spider (D)
  4 orc sorcerers (D)
  4 orc knights (D)
  A manticore (D)
  2 ugly things (D)
  2 black mambas (D)
  Psyche (D)
  A gargoyle (D)
  2 spiny frogs (D)
  An efreet (D)
  2 rime drakes (D)
  2 komodo dragons (D)
  A jumping spider (D)
  A meliai (D)
  A hornet (D)
  A hippogriff (D)
  A redback (D)
  A tarantella (D)
  A wraith (D)
  2 wargs (D)
  A naga (D)
  2 hell hounds (D)
  10 orc warriors (D)
  2 porcupines (D)
  4 wolves (D)
  A centaur (D)
  An ogre (D)
  4 crocodiles (D)
  6 bullfrogs (D)
  A gnoll sergeant (D)
  A quasit (D)
  5 orc priests (D)
  An iguana (D)
  4 orc wizards (D)
  2 worker ants (D)
  An adder (D)
  A shadow imp (D)
  An adder zombie (D)
  14 orcs (D)
  A giant cockroach (D)
  A goblin (D)
  A hobgoblin (D)
  A kobold (D)
  A ball python simulacrum (D)
  A ball python zombie (D)
  A bat (D)
119 creatures vanquished.

Vanquished Creatures (others)
  A naga warrior (D)
  A wolf spider (D)
  A demonic crawler (D)
3 creatures vanquished.

Grand Total: 122 creatures vanquished

Notes
Turn   | Place    | Note
-------+----------+-------------------------------------------
     0 | D        | Faca the Formicid Fighter began the quest for the Orb.
     0 | D        | Reached XP level 1. HP: 18/18 MP: 1/1
     8 | D        | Reached skill level 4 in Fighting
    16 | D        | Reached XP level 2. HP: 26/26 MP: 2/2
    34 | D        | Reached skill level 6 in Fighting
    34 | D        | Reached skill level 5 in Long Blades
    34 | D        | Reached XP level 3. HP: 12/34 MP: 3/3
    37 | D        | Reached XP level 4. HP: 16/41 MP: 4/4
    55 | D        | Found a roughly hewn altar of Beogh.
    55 | D        | Found a snail-covered altar of Cheibriados.
    55 | D        | Found a shadowy altar of Dithmenos.
    55 | D        | Found a white marble altar of Elyvilon.
    55 | D        | Found a blossoming altar of Fedhas.
    55 | D        | Found an opulent altar of Gozag.
    56 | D        | Found a hazy altar of Hepliaklqana.
    57 | D        | Found a viscous altar of Jiyva.
    58 | D        | Found an ancient bone altar of Kikubaaqudgha.
    59 | D        | Found a corrupted altar of Lugonu.
    60 | D        | Found a burning altar of Makhleb.
    61 | D        | Found a sparkling altar of Nemelex Xobeh.
    62 | D        | Found an iron altar of Okawaru.
    63 | D        | Found a stormy altar of Qazlal.
    64 | D        | Found a sacrificial altar of Ru.
    65 | D        | Found a shimmering blue altar of Sif Muna.
    66 | D        | Found a bloodstained altar of Trog.
    67 | D        | Found a hide-covered altar of Uskayaw.
    68 | D        | Found a radiant altar of Vehumet.
    69 | D        | Found an ornate altar of the Wu Jian Council.
    70 | D        | Became a worshipper of Warmaster Okawaru
    71 | D        | Found a shimmering altar of Xom.
    72 | D        | Found a basalt altar of Yredelemnul.
    73 | D        | Found a glowing silver altar of Zin.
    74 | D        | Found a glowing golden altar of the Shining One.
    91 | D        | Found the +8 Wrath of Trog {antimagic, *Rage}
   280 | D        | Noticed a centaur
   293 | D        | Reached skill level 7 in Fighting
   293 | D        | Reached XP level 5. HP: 48/48 MP: 5/5
   304 | D        | Killed a centaur
   304 | D        | Reached skill level 9 in Fighting
   304 | D        | Reached XP level 6. HP: 54/58 MP: 6/6
   324 | D        | Noticed a wraith
   324 | D        | Noticed an ogre
   324 | D        | Noticed an unseen horror
   324 | D        | Noticed a cyan ugly thing
   324 | D        | Noticed an orc warrior
   331 | D        | Killed a cyan ugly thing
   331 | D        | Reached * piety under Okawaru
   331 | D        | Reached skill level 12 in Fighting
   331 | D        | Reached XP level 7. HP: 30/70 MP: 2/7
   337 | D        | Reached ** piety under Okawaru
   343 | D        | Killed an unseen horror
   343 | D        | Reached skill level 13 in Fighting
   343 | D        | Reached XP level 8. HP: 20/80 MP: 2/8
   347 | D        | Reached skill level 14 in Fighting
   358 | D        | Killed a wraith
   358 | D        | Reached XP level 9. HP: 33/87 MP: 4/9
   368 | D        | Reached *** piety under Okawaru
   780 | D        | Noticed Maurice
  1075 | D        | Noticed a komodo dragon
  1075 | D        | Noticed a hippogriff
  1082 | D        | Killed a hippogriff
  1083 | D        | Reached skill level 5 in Shields
  1092 | D        | Noticed a spiny frog
  1107 | D        | Killed a komodo dragon
  1107 | D        | Reached skill level 5 in Armour
  1109 | D        | Reached skill level 15 in Fighting
  1114 | D        | Killed a spiny frog
  1114 | D        | Reached **** piety under Okawaru
  1369 | D        | Noticed a rime drake
  1369 | D        | Noticed a spiny frog
  1369 | D        | Noticed a rime drake
  1374 | D        | Reached XP level 10. HP: 80/96 MP: 10/10
  1382 | D        | Killed a rime drake
  1392 | D        | Killed a spiny frog
  1397 | D        | Killed a rime drake
  1397 | D        | Reached ***** piety under Okawaru
  1594 | D        | Reached skill level 16 in Fighting
  1611 | D        | Reached skill level 10 in Shields
  1788 | D        | Noticed Harold
  1806 | D        | Killed Harold
  1806 | D        | Reached skill level 15 in Long Blades
  1914 | D        | Reached XP level 11. HP: 91/105 MP: 8/11
  2136 | D        | Noticed an orc sorcerer
  2137 | D        | Reached skill level 10 in Armour
  2141 | D        | Reached skill level 1 in Invocations
  2149 | D        | Noticed an orc sorcerer
  2159 | D        | Killed an orc sorcerer
  2162 | D        | Noticed an orc knight
  2181 | D        | Killed an orc sorcerer
  2198 | D        | Killed an orc knight
  2198 | D        | Reached ****** piety under Okawaru
  2452 | D        | Found Nypisoir's Distillery.
  2452 | D        | Noticed an orc high priest
  2452 | D        | Noticed an orc knight
  2467 | D        | Killed an orc knight
  2467 | D        | Reached skill level 17 in Fighting
  2467 | D        | Reached skill level 5 in Invocations
  2468 | D        | Noticed an orc sorcerer
  2474 | D        | Noticed a soul eater
  2484 | D        | Killed an orc high priest
  2484 | D        | Received a gift from Okawaru
  2489 | D        | Killed an orc sorcerer
  2497 | D        | Noticed an orc knight
  2503 | D        | Found Oroisai's Antique Armour Shop.
  2505 | D        | Found Poblaajuju's General Store.
  2520 | D        | Killed an orc knight
  2820 | D        | Found Hiegeika's Jewellery Shop.
  2824 | D        | Noticed an orc sorcerer
  2825 | D        | Noticed an orc knight
  2833 | D        | Killed an orc sorcerer
  2844 | D        | Killed an orc knight
  2991 | D        | Bought a runed tower shield for 195 gold pieces
  2991 | D        | Bought a pair of scorched boots for 247 gold pieces
  3001 | D        | Identified the +2 pair of boots of Pleasant Breezes
                  | {*Corrode rN++ Str+3} (You bought it in a shop in the
                  | Dungeon)
  3021 | D        | Bought the ring of Duuwirch {+Fly MR++ Dex+4 Slay+2} for
                  | 646 gold pieces
  3021 | D        | Bought the ring of Fafuji {rCorr Str+4 Int-2 Stlth+} for
                  | 442 gold pieces
  3052 | D        | Noticed Erolcha
  3062 | D        | Killed Erolcha
  3062 | D        | Reached XP level 12. HP: 114/114 MP: 17/17
  3092 | D        | Noticed Sonja
  3093 | D        | Noticed Psyche
  3097 | D        | Killed Sonja
  3100 | D        | Killed Psyche
  3256 | D        | Noticed an unseen horror
  3265 | D        | Noticed a centaur warrior
  3275 | D        | Noticed an ogre mage
  3277 | D        | Noticed a tengu warrior
  3286 | D        | Noticed a glowing orange brain
  3287 | D        | Killed an unseen horror
  3287 | D        | Received a gift from Okawaru
  3287 | D        | Reached skill level 18 in Fighting
  3290 | D        | Noticed a spark wasp
  3293 | D        | Noticed a tengu warrior
  3296 | D        | Killed a centaur warrior
  3302 | D        | Killed an ogre mage
  3310 | D        | Killed a tengu warrior
  3310 | D        | Reached skill level 10 in Invocations
  3317 | D        | Killed a glowing orange brain
  3323 | D        | Killed a spark wasp
  3343 | D        | Killed a tengu warrior
  3450 | D        | Noticed Aizul
  3469 | D        | Killed Aizul
  3469 | D        | Reached XP level 13. HP: 36/124 MP: 18/21
  3746 | D        | Noticed Agnes
  3764 | D        | Killed Agnes
  3764 | D        | Reached skill level 15 in Shields
  3854 | D        | Noticed a naga warrior
  3854 | D        | Noticed a naga warrior
  3854 | D        | Noticed an anaconda
  3861 | D        | Killed an anaconda
  3865 | D        | Received a gift from Okawaru
  3865 | D        | Reached skill level 19 in Fighting
  3878 | D        | Banished a naga warrior
  4186 | D        | Reached skill level 5 in Dodging
  4245 | D        | Noticed a six-headed hydra
  4245 | D        | Noticed an eight-headed hydra
  4245 | D        | Noticed a shambling mangrove
  4250 | D        | Noticed a four-headed hydra
  4258 | D        | HP: 5/126 [nine-headed hydra (8)]
  4258 | D        | Mangled by a nine-headed hydra

Levels and vault maps discovered:
D:        linesprint [early_d, line_temple, items_1, d_10, items_2, lair_1,
          lair_end, items_3, orc_1, orc_end, items_4, d_15, swamp_1, shoals_1,
          snake_1, spider_1, d_20, vaults_1, items_5, swamp_end, shoals_end,
          snake_end, spider_end, vaults_end, d_27, items_6, zot_1, zot_end,
          crypt_end, forest_end, elf_end, slime_end, tomb_end, abyss_end,
          pan_hell_end]

Skill      XL: |  1  2  3  4  5  6  7  8  9 10 11 12 13 |
---------------+----------------------------------------+-----
Fighting       | 4 6 7 9 12 13 14 15 16 17 18 19 | 19.4
Long Blades    | 3 5 6 8 11 12 13 14 15 16 17 | 17.9
Shields        | 7 10 12 14 16 | 16.0
Armour         | 6 9 11 13 14 | 14.8
Invocations    | 7 10 | 10.8
Dodging        | 2 5 |  5.5

Action                   |  1- 3 |  4- 6 |  7- 9 | 10-12 | 13-15 || total
-------------------------+-------+-------+-------+-------+-------++-------
Melee: Long sword        |    25 |     6 |       |       |       ||    31
       Scimitar          |       |    26 |    85 |   248 |       ||   359
       Battleaxe         |       |     7 |     2 |       |       ||     9
       Demon blade       |       |       |       |    99 |    30 ||   129
       Great sword       |       |       |       |       |    50 ||    50
Invok: Heroism           |       |       |       |     3 |     1 ||     4
Evoke: Wand              |       |       |       |     3 |       ||     3
  Use: Potion            |     1 |       |     3 |     2 |       ||     6
       Scroll            |       |       |       |     6 |       ||     6
  Eat: Chunk             |       |       |     2 |     7 |     2 ||    11
Armor: Scale mail        |    13 |    29 |    23 |    16 |       ||    81
       Plate armour      |       |       |       |    31 |    17 ||    48
Dodge: Dodged            |     5 |    32 |    18 |    36 |    13 ||   104
Block: Kite shield       |    10 |    24 |    25 |    58 |       ||   117
       Tower shield      |       |       |       |   100 |    99 ||   199
       Rpst.: Long sword |     1 |       |       |       |       ||     1
       Scimitar          |       |     1 |     5 |    12 |       ||    18
       Demon blade       |       |       |       |     1 |       ||     1
       Great sword       |       |       |       |       |     1 ||     1

Table legend:
 A = Non-vault XP
 B = Vault XP
 C = Vault XP percentage of total XP
 D = Non-vault monster count
 E = Vault monster count
 F = Vault count percentage of total count
                 A         B        C        D         E       F
            +---------+---------+-------+---------+---------+-------
      Total |       0 |   36833 | 100.0 |       0 |     122 | 100.0
            +---------+---------+-------+---------+---------+-------
          D |       0 |   36833 | 100.0 |       0 |     122 | 100.0
            +---------+---------+-------+---------+---------+-------
